 Dungeon Crawl Stone Soup version 0.26.0-41-g79a4fc7684 (webtiles) character file.

Game seed: 12235320154356004014

47 DasRunzen the Skirmisher (level 3, -2/43 HPs)
             Began as a Demonspawn Abyssal Knight on Jan 26, 2021.
             Was a Believer of Lugonu.
             Slain by a worker ant (5 damage)
             ... on level 2 of the Dungeon.
             The game lasted 00:02:59 (1835 turns).

DasRunzen the Skirmisher (DsAK)                     Turns: 1835, Time: 00:03:00

Health: -2/43      AC: 21    Str: 13    XL:     3   Next: 48%
Magic:  5/5        EV:  2    Int: 13    God:    Lugonu [**....]
Gold:   76         SH:  0    Dex: 12    Spells: 2/2 levels left

rFire    . . .     SeeInvis .   a - +2 spear
rCold    . . .     Faith    .   (no shield)
rNeg     + + +     Spirit   .   (armour currently unavailable)
rPois    +         Reflect  .   (helmet currently unavailable)
rElec    .         Harm     .   (cloak currently unavailable)
rCorr    .         Rampage  .   (gloves currently unavailable)
Will     +....     NoTele   +   (boots currently unavailable)
Stlth    +.........             (no amulet)
HPRegen  0.14/turn              e - ring of poison resistance
MPRegen  0.09/turn              l - ring of willpower

@: lethally poisoned (-2 -> -6), tree-form
A: no striking features
a: Renounce Religion, Depart the Abyss, Bend Space


You were on level 2 of the Dungeon.
You worshipped Lugonu.
Lugonu was pleased with you.
You were a tree.
You visited 1 branch of the dungeon, and saw 2 of its levels.
You visited the Abyss 1 time.

You collected 76 gold pieces.

Inventory:

Hand Weapons
 a - a +2 spear (weapon)
Armour
 b - a +0 leather armour (melded)
 c - a +0 pair of gloves (melded)
Jewellery
 e - a ring of poison resistance (left branch)
 l - a ring of willpower (right branch)
Scrolls
 k - a scroll of noise {unknown}
 m - a scroll of remove curse
Potions
 d - a potion of might
 f - a potion of lignification
 g - a potion of curing {unknown}
 h - a potion of attraction {unknown}
 i - 3 potions of heal wounds {unknown}
 j - a potion of resistance {unknown}


   Skills:
 + Level 3.3 Fighting
 + Level 2.2 Polearms
 + Level 2.2 Armour
 + Level 1.4 Dodging
 + Level 3.1 Invocations


You had 2 spell levels left.
You didn't know any spells.
Your spell library was empty.

Dungeon Overview and Level Annotations

Branches:
Dungeon (2/15)

Altars:
Cheibriados


Innate Abilities, Weirdness & Mutations

((Your flesh is heat resistant. (rF+)))


Message History

The worker ant bites you.
* * * LOW HITPOINT WARNING * * *
You closely miss the worker ant.
The worker ant is heavily wounded.
The worker ant bites you.
* * * LOW HITPOINT WARNING * * *
You are lethally poisoned!
The worker ant poisons you!
You hit the worker ant.
The worker ant is severely wounded.
* * * LOW HITPOINT WARNING * * *
You feel sick.
The worker ant bites you but does no damage.
It was a potion of lignification.
You turn into a tree.
Your +0 pair of gloves melds into your body.
Your +0 leather armour melds into your body.
Your roots penetrate the ground.
* * * LOW HITPOINT WARNING * * *
You feel sick. The worker ant bites you.
You die...

,*≈≈≈≈≈P≈P≈≈≈≈≈≈≈≈≈.≈≈≈P♣##
,,,,.................≈≈≈#
,≈≈≈≈≈≈≈≈≈≈≈≈≈≈≈≈P≈..≈♣.#
*≈≈≈≈≈≈≈♣♣♣♣≈≈≈≈♣≈#..##.#
***≈≈≈≈≈≈**♣≈♣♣♣≈##.###.##
*,**≈♣≈**,##♣≈*###......########
*,*******,*****#...............#
*,* **...#####.####...###.....
**,* *,....$.B♣.# ##.## #.....
,,,* **...####### ### #.....
**** **,** ##...# *** #####


You could see a worker ant.

Vanquished Creatures
  An adder (D:2)
  2 dart slugs (D:1)
  A leopard gecko (D:2)
  A giant cockroach (D:1)
  4 goblins
  2 hobgoblins
  2 jackals (D:2)
  8 kobolds
  4 bats
  4 frilled lizards
  6 rats
35 creatures vanquished.

Vanquished Creatures (others)
  13 plants (D:2)
13 creatures vanquished.

Grand Total: 48 creatures vanquished

Notes
Turn   | Place    | Note
-------+----------+-------------------------------------------
     0 | Abyss:1  | DasRunzen the Demonspawn Abyssal Knight began the quest for
                  | the Orb.
     0 | Abyss:1  | Reached XP level 1. HP: 18/18 MP: 2/2
    42 | D:1      | Escaped the Abyss
    65 | D:1      | Reached skill level 1 in Dodging
   508 | D:1      | Gained mutation: Your flesh is heat resistant. (rF+)
                  | [demonic ancestry]
   508 | D:1      | Reached XP level 2. HP: 24/24 MP: 4/4
  1003 | D:2      | Reached ** piety under Lugonu
  1035 | D:2      | Found a snail-covered altar of Cheibriados.
  1220 | D:2      | Reached XP level 3. HP: 26/29 MP: 5/5
  1764 | D:2      | Found a faded altar of an unknown god.
  1835 | D:2      | Slain by a worker ant

Illustrated notes

Levels and vault maps discovered:
D:1:      grunt_arrival_crossed_arrows, layout_basic
D:2:      layout_loops_corners, nicolae_overflow_hidden_temple, serial_bayou,
          serial_bayou_pond_a, serial_bayou_crossing, serial_bayou_pond_a,
          serial_bayou_lagoon_b, chequers_ecumenical_altar_simple

Skill      XL: |  1  2  3 |
---------------+----------+-----
Dodging        | 1 |  1.4
Armour         | 2 |  2.2
Polearms       | 2 |  2.2
Invocations    | 3 |  3.1
Fighting       | |  3.3

Action                   || total
-------------------------++-------
Melee: Spear             ||   132
  Use: Scroll            ||     5
       Potion            ||     1
Armor: Leather armour    ||    23
Dodge: Dodged            ||    63
